 Dungeon Crawl Stone Soup version 0.28-a0-1415-g7c84da036a (webtiles) character file.

Game seed: 13318850232168147031

701 SirFunk the Magician (level 7, -2/50 HPs)
             Began as a Djinni Necromancer on Jan 7, 2022.
             Was an Initiate of Ashenzari.
             Slain by a kobold demonologist (4 damage)
             ... on level 5 of the Dungeon on Jan 8, 2022.
             The game lasted 00:18:44 (6802 turns).

SirFunk the Magician (Djinni Necromancer)           Turns: 6802, Time: 00:18:45

Health: -2/50      AC:  4    Str:  7    XL:     7   Next: 98%
Gold:   108        EV: 12    Int: 19    God:    Ashenzari [......] SH:  5 Dex: 13

rFire   + + +      SeeInvis +   a - +2 dagger (elec)
rCold   x . .      Faith    .   (no shield)
rNeg    . . .      Spirit   .   m - +0 robe
rPois   ∞          Reflect  +   (no helmet)
rElec   .          Harm     .   d - +1 cloak of Fashionability {rF+ Regen+ Stlth-}
rCorr   .          Rampage  .   (no gloves)
Will    .....                   (boots unavailable)
Stlth   +.........              b - amulet of reflection
HPRegen 0.96/turn               c - ring of see invisible
MPRegen 0.00/turn               (no ring)

@: flying
A: sickness immunity, fire resistance 2, cold vulnerability 1, float, innate
caster, hp casting, extra vitality 1
a: Renounce Religion


You were on level 5 of the Dungeon.
You worshipped Ashenzari.
Ashenzari was noncommittal.
You visited 2 branches of the dungeon, and saw 6 of its levels.
You also visited: Sewer.

You collected 108 gold pieces.

Inventory:

Hand Weapons
 a - a +2 dagger of electrocution (weapon)
 g - a +0 trident
Armour
 d - the +1 cloak of Fashionability (worn) {rF+ Regen+ Stlth-}
   (You acquired it on level 3 of the Dungeon)

   rF:        It protects you from fire.
   Regen:     It increases your rate of health regeneration.
   Stlth:     It makes you less stealthy.
 m - a +0 robe (worn)
 p - an orb of guile
Jewellery
 b - an amulet of reflection (around neck)
 c - a ring of see invisible (left hand)
Wands
 n - a wand of iceblast (15)
Scrolls
 l - a scroll of enchant armour {unknown}
 q - a scroll of teleportation {unknown}
Potions
 e - 2 potions of curing
 f - a potion of invisibility
 h - a potion of brilliance {unknown}
 i - 2 potions of might
 j - a potion of resistance
 k - a potion of attraction {unknown}
 o - a potion of magic {unknown}
 r - a potion of ambrosia {unknown}


   Skills:
 * Level 3.5 Fighting
 + Level 0.5 Short Blades
 + Level 0.8 Polearms
 - Level 2.1 Dodging
 - Level 1.5 Stealth
 + Level 6.3 Spellcasting


You couldn't memorise any spells.
You knew the following spells:

 Your Spells              Type           Power      Damage    Failure   Level
a - Pain                  Necr           100%       1d9       1%          1
b - Animate Skeleton      Necr           58%        N/A       1%          1
c - Vampiric Draining     Necr           29%        2d8       2%          3
d - Animate Dead          Necr           14%        N/A       9%          4
e - Agony                 Necr           29%        N/A       22%         5
f - Shock                 Conj/Air       100%       1d9       1%          1
g - Poisonous Vapours     Pois/Air       58%        N/A       1%          2
h - Static Discharge      Conj/Air       29%        N/A       1%          2
Your spell library was empty.

Dungeon Overview and Level Annotations

Branches:
Dungeon (5/15)             Temple (1/1) D:5           Sewer (visited)

Altars:
Ashenzari
Cheibriados
Elyvilon
Fedhas
Gozag
Hepliaklqana
Kikubaaqudgha
Makhleb
Nemelex Xobeh
Okawaru
Qazlal
Ru
Sif Muna
Trog
Uskayaw
Vehumet
Wu Jian
Xom
Yredelemnul
Zin
The Shining One

Shops:
D:1 !   D:4 =


Innate Abilities, Weirdness & Mutations

You are immune to sickness and miasma.
You are immune to poison.
Your flesh is very heat resistant. (rF++)
You are vulnerable to cold. (rC-)
You float through the air rather than walking.
You learn spells naturally, not from books.
Your magical power is your life essence.
You have superior vitality. (+4 MHP)


Message History

Aiming: Shock (safe; 1% risk of failure)
Press: ? - help, Shift-Dir - straight line, f/p - kobold demonologist
Aim: a kobold demonologist, wielding a +0 dagger and wearing a +0 robe (severely wounded, 64% to hit)
The zap hits the kobold demonologist but does no damage.
The kobold demonologist is severely wounded.
The white imp gestures at you. The puff of frost hits you!
You feel a terrible chill!
The kobold demonologist barely misses you.
The adder misses you.
Casting: Shock (safe; 1% risk of failure)
Confirm with . or Enter, or press ? or * to list all spells.
Aiming: Shock (safe; 1% risk of failure)
Press: ? - help, Shift-Dir - straight line, f/p - kobold demonologist
Aim: a kobold demonologist, wielding a +0 dagger and wearing a +0 robe (severely wounded, 64% to hit)
The zap misses the kobold demonologist.
The adder bites you but does no damage. The hellwing barely misses you.
The hellwing hits you.
* * * LOW HITPOINT WARNING * * *
The white imp misses you.
The kobold demonologist closely misses you.
You block the adder's attack.
You hit the kobold demonologist but do no damage.
The kobold demonologist is severely wounded.
The hellwing closely misses you. The hellwing barely misses you.
The white imp hits you but does no damage.
The kobold demonologist hits you with a +0 dagger.
* * * LOW HITPOINT WARNING * * *
The adder completely misses you.
Casting: Shock (safe; 1% risk of failure)
Confirm with . or Enter, or press ? or * to list all spells.
Aiming: Shock (safe; 1% risk of failure)
Press: ? - help, Shift-Dir - straight line, f/p - kobold demonologist
Aim: a kobold demonologist, wielding a +0 dagger and wearing a +0 robe (severely wounded, 64% to hit)
The zap hits the kobold demonologist.
The kobold demonologist is almost dead.
* * * LOW HITPOINT WARNING * * *
The hellwing hits you!
* * * LOW HITPOINT WARNING * * *
You block the hellwing's attack.
The kobold demonologist hits you with a +0 dagger.
You die...

##########
#........#
#......5.# .#
#.....K45+ ...# ##+#
#@.# ... ..+
#...###5S###.+##..#
#.................##
#.......##...#......
#......#..#.#.......
#......#....#..#..#
#...##..#.)..##..#
####
#.....>....)###+###
#...##....#...##....


You could see a hellwing (summoned), a kobold demonologist, 2 crimson imps, an
adder and a white imp (summoned).

Vanquished Creatures
  Menkaure (D:4)
  A phantom (D:5)
  A scorpion (D:5)
  A howler monkey (D:4)
  4 jellies (Sewer)
  A hound (D:3)
  An orc priest (D:5)
  An orc wizard (D:5)
  8 adders
  2 river rats (Sewer)
  An ufetubus (D:4)
  An adder skeleton (D:4)
  5 worms
  2 orcs (D:5)
  12 endoplasms
  7 giant cockroaches
  2 goblins (D:1)
  3 hobgoblins
  11 jackals (D:1)
  4 quokkas
  7 ball pythons
  5 bats
  7 frilled lizards
  7 kobolds
  5 rats
100 creatures vanquished.

Vanquished Creatures (collateral kills)
  A worm (Sewer)
1 creature vanquished.

Grand Total: 101 creatures vanquished

Notes
Turn   | Place    | Note
-------+----------+-------------------------------------------
     0 | D:1      | SirFunk the Djinni Necromancer began the quest for the Orb.
     0 | D:1      | Reached XP level 1. HP: 15/15 MP: 0/0
   366 | D:1      | Found Titubbui's Distillery.
   404 | D:1      | Reached XP level 2. HP: 6/22 MP: 0/0
  1575 | D:1      | Reached skill level 1 in Fighting
  1575 | D:1      | Reached XP level 3. HP: 22/27 MP: 0/0
  1575 | D:1      | Learned a level 1 spell: Shock
  2854 | D:2      | Reached skill level 4 in Spellcasting
  2966 | D:2      | Reached XP level 4. HP: 10/32 MP: 0/0
  3182 | D:2      | Found a faded altar of an unknown god.
  3708 | D:2      | Reached XP level 5. HP: 37/38 MP: 0/0
  3708 | D:2      | Learned a level 2 spell: Poisonous Vapours
  4314 | D:3      | Identified a scroll of acquirement
  4314 | D:3      | Acquired the +1 cloak of Fashionability {rF+ Regen+ Stlth-}
  4471 | D:3      | Found a glowing drain.
  4489 | Sewer    | Entered a sewer
  4779 | Sewer    | Reached XP level 6. HP: 34/43 MP: 0/0
  4836 | Sewer    | Reached skill level 5 in Spellcasting
  4856 | Sewer    | Found a viscous altar of Jiyva.
  5747 | D:4      | Noticed Menkaure
  5760 | D:4      | Killed Menkaure
  5761 | D:4      | Reached XP level 7. HP: 30/49 MP: 0/0
  5761 | D:4      | Learned a level 2 spell: Static Discharge
  6115 | D:4      | Found Qosacan's Jewellery Shoppe.
  6252 | D:5      | Entered Level 5 of the Dungeon
  6265 | D:5      | Reached skill level 6 in Spellcasting
  6319 | D:5      | Found a staircase to the Ecumenical Temple.
  6350 | Temple   | Entered the Ecumenical Temple
  6762 | Temple   | Became a worshipper of Ashenzari the Shackled
  6786 | D:5      | Noticed a kobold demonologist
  6796 | D:5      | Noticed a hellwing
  6802 | D:5      | HP: 2/50 [hellwing[a kobold demonologist] (12)]
  6802 | D:5      | Slain by a kobold demonologist

Illustrated notes

Levels and vault maps discovered:
D:1:      dpeg_arrival_renting, layout_loops_corners, serial_shops, shop
D:2:      layout_basic, hellmonk_ecumenical_altar_blasted
D:3:      layout_loops_corners, cheibrodos_sewer_entry_sluice
D:4:      layout_basic, minmay_shop_enchanted_jewellery, uniq_menkaure
D:5:      layout_gridville, minmay_temple_entry_mini_moons,
          hellmonk_ghost_happy_afterlife
Temple:   nicolae_temple_the_god_donut

Skill      XL: |  1  2  3  4  5  6  7 |
---------------+----------------------+-----
Fighting       | 1 2 3 |  3.5
Spellcasting   | 4 5 6 |  6.3
Short Blades   | |  0.5
Polearms       | |  0.8
Dodging        | |  2.1
Stealth        | |  1.5

Action                   |  1- 3 |  4- 6 |  7- 9 || total
-------------------------+-------+-------+-------++-------
Melee: Trident           |    44 |    19 |       ||    63
       Punch             |     1 |       |       ||     1
       Dagger            |       |    29 |     9 ||    38
 Cast: Pain              |    58 |   102 |    34 ||   194
       Animate Skeleton  |     3 |       |       ||     3
       Vampiric Draining |       |     8 |       ||     8
       Animate Dead      |       |     5 |     1 ||     6
       Shock             |       |     3 |    21 ||    24
       Static Discharge  |       |       |     2 ||     2
  Use: Scroll            |       |     6 |       ||     6
       Potion            |       |     1 |       ||     1
 Stab: Sleeping          |     1 |     2 |       ||     3
       Distracted        |       |     1 |       ||     1
Armor: Robe              |     8 |    15 |     9 ||    32
Dodge: Dodged            |    53 |    56 |    19 ||   128
Block: Other             |       |     1 |    10 ||    11

Table legend: (Time is in decaauts)
 A = Elapsed time spent in this place.
 B = Non-inter-level travel time spent in this place.
 C = Inter-level travel time spent in this place.
 D = Time resting spent in this place.
 E = Time spent auto-exploring this place.
 F = Levels seen in this place.
 G = Mean time per level.
                   A        B        C        D        E       F      G
               +--------+--------+--------+--------+--------+-----+--------+
         Total |   6818 |   6675 |    143 |   2400 |   3299 |   7 |  974.0 |
       Dungeon |   5951 |   5834 |    117 |   2241 |   2876 |   5 | 1190.2 |
        Temple |    424 |    398 |     26 |      0 |    379 |   1 |  424.0 |
         Sewer |    442 |    442 |      0 |    159 |     44 |   1 |  442.0 |
               +--------+--------+--------+--------+--------+-----+--------+

Top non-repeatable levels by time:
     D:1: 2676 daAuts
     D:2: 1650 daAuts
     D:3: 916 daAuts
     D:4: 583 daAuts
   Sewer: 442 daAuts
  Temple: 424 daAuts
     D:5: 124 daAuts
